 Dungeon Crawl Stone Soup version 0.18-a0-1293-g5a2c81a (webtiles) character file.

414 Ratboiler the Chopper (level 6, -1/45 HPs)
             Began as an Octopode Wanderer on Feb 10, 2016.
             Slain by a gnoll
             ... wielding a +0 spear
              (8 damage)
             ... on level 3 of the Dungeon.
             The game lasted 00:08:33 (4240 turns).

Ratboiler the Chopper (Octopode Wanderer)           Turns: 4240, Time: 00:08:33

Health: -1/45      AC:  3    Str: 12    XL:     6   Next: 91%
Magic:  6/6        EV: 11    Int: 15    God:
Gold:   131        SH:  6    Dex: 12    Spells: 0 memorised, 5 levels left

rFire  . . .     SeeInvis .     a - +2 hand axe
rCold  . . .     Gourm    .     (no shield)
rNeg   . . .     Faith    .     (helmet restricted)
rPois  .         Spirit   .     j - +6 amulet of reflection
rElec  .         Dismiss  .     s - +2 ring of protection
rCorr  .         Reflect  +     (no ring)
SustAt .         Harm     .     (no ring)
MR     .....                    (no ring)
Stlth  +++.......               (no ring)
                                (no ring)
                                (no ring)
                                (no ring)

@: very slightly contaminated, not resistant to hostile enchantments, fairly
stealthy
A: almost no armour, amphibious, 8 rings, constrict 8, camouflage 1, gelatinous
body 1
a: no special abilities


You were on level 3 of the Dungeon.
You were not hungry.

You visited 1 branch of the dungeon, and saw 3 of its levels.

You collected 131 gold pieces.

Inventory:

Hand Weapons
 a - a +2 hand axe (weapon)
 b - a +0 blowgun
 g - a -1 mace
 o - a +0 shortbow
Missiles
 c - 24 arrows
 r - 10 poisoned needles
Jewellery
 j - a +6 amulet of reflection (around mantle)
 p - an uncursed ring of fire
 s - a +2 ring of protection (left tentacle)
 u - a cursed ring of protection from cold {unknown}
Scrolls
 e - a scroll of immolation {unknown}
 h - a scroll of fog
 m - a scroll of enchant weapon {unknown}
 q - a scroll of enchant armour {unknown}
Potions
 i - a potion of flight
 k - a potion of heal wounds {unknown}
 n - 4 potions of curing {unknown}
 v - a potion of cure mutation {unknown}
Comestibles
 d - 2 bread rations
 l - a meat ration
 t - 3 chunks of flesh


   Skills:
 + Level 4.8 Fighting
 + Level 6.0 Axes
 - Level 1.3 Stealth
   Level 1.0 Shields
   Level 3.0 Charms


You had 5 spell levels left.
You didn't know any spells.

Dungeon Overview and Level Annotations

Branches:
Dungeon (3/15)

Altars:
Sif Muna

Annotations:
D:2 Sigmund


Innate Abilities, Weirdness & Mutations

You cannot wear most types of armour.
You are amphibious.
You can wear up to eight rings at the same time.
You can use your tentacles to constrict eight enemies at once.
Your skin changes colour to match your surroundings (Stealth).
Your rubbery body absorbs attacks (AC +1).


Message History

Okay, then.
Read which item? (? for menu, Esc to quit)
Okay, then.
The gnoll barely misses you.
The gnoll hits you from afar with a spear.
* * * LOW HITPOINT WARNING * * *
The gnoll hits you from afar with a spear.
* * * LOW HITPOINT WARNING * * *
Read which item? (? for menu, Esc to quit)
Blink to where?
Press: ? - help, Dir - move target cursor You are very lightly contaminated with residual magic.
As you read the scroll of blinking, it crumbles to dust.
The gnoll barely misses you. The gnoll closely misses you.
The gnoll hits you with a spear.
* * * LOW HITPOINT WARNING * * *
You slash the gnoll! Your grab misses the gnoll. Your squeeze misses the gnoll.
The gnoll is severely wounded.
The gnoll hits you with a spear!
You die...

........###############.###
........#####..<.# #.#
........'...#.##.######.#
........###.#....#...§g.#
#####'###......#.#.######
#####.# #.####.#.#.#
......# #........#.#
##################.#
................@g.#
####################


You could see a gnoll.

Vanquished Creatures
  An orc priest (D:3)
  Ijyb (D:2)
  Natasha (twice) (D:2)
  An orc wizard (D:3)
  18 gnolls (D:3)
  An adder (D:3)
  An ooze (D:3)
  4 worms
  2 giant geckos (D:3)
  6 orcs (D:3)
  5 bats
  4 giant cockroaches
  4 goblins
  5 hobgoblins
  16 jackals
  7 kobolds
  A quokka (D:3)
  A ball python (D:3)
  4 giant newts
  8 rats
92 creatures vanquished.

Notes
Turn   | Place    | Note
--------------------------------------------------------------
     0 | D:1      | Ratboiler the Octopode Wanderer began the quest for the Orb.
     0 | D:1      | Ratboiler set off with: a +2 hand axe, a +0 shortbow, 24 arrows, a bread ration
     0 | D:1      | Reached XP level 1. HP: 16/16 MP: 1/1
   151 | D:1      | Reached XP level 2. HP: 19/21 MP: 2/2
  1033 | D:2      | Noticed Ijyb
  1331 | D:2      | Reached XP level 3. HP: 13/26 MP: 3/3
  1444 | D:2      | Found a deep blue altar of Sif Muna.
  1588 | D:2      | Noticed Sigmund
  1797 | D:3      | Reached skill level 4 in Axes
  1915 | D:3      | Reached XP level 4. HP: 21/31 MP: 4/4
  2590 | D:3      | Noticed a hippogriff
  3069 | D:2      | Killed Ijyb
  3069 | D:2      | Reached XP level 5. HP: 36/36 MP: 5/5
  3107 | D:2      | Noticed Natasha
  3110 | D:2      | Killed Natasha
  3176 | D:2      | Noticed Natasha
  3182 | D:2      | Killed Natasha
  3182 | D:2      | Reached skill level 5 in Axes
  3628 | D:3      | Reached XP level 6. HP: 38/43 MP: 6/6
  4192 | D:3      | Reached skill level 6 in Axes
  4240 | D:3      | Slain by a gnoll

Vault maps used:
D:1:      evilmike_arrival_crescent, minmay_misc_feat_five
D:2:      led_sif_pool, uniq_natasha, uniq_sigmund, uniq_iyjb
D:3:      lemuel_castle_with_subvaults

Action                   |  1- 3 |  4- 6 || total
-------------------------+-------+-------++-------
Melee: Mace              |    24 |       ||    24
       Hand axe          |    38 |   163 ||   201
  Use: Scroll            |     5 |     1 ||     6
 Stab: Sleeping          |     6 |     5 ||    11
       Distracted        |       |     1 ||     1
  Eat: Chunk             |     3 |     4 ||     7
       Royal jelly       |       |     1 ||     1
       Pizza             |       |     1 ||     1
